 Dungeon Crawl Stone Soup version 0.17.0-24-gcfadda4 (webtiles) character file.

84 M4edhros the Charlatan (level 4, -3/28 HPs)
             Began as an Octopode Artificer on Nov 15, 2015.
             Killed themself with a badly aimed fireball (15 damage)
             ... on level 4 of the Dungeon.
             The game lasted 00:02:05 (2692 turns).

M4edhros the Charlatan (Octopode Artificer)         Turns: 2692, Time: 00:02:06

Health: -3/28      AC:  1    Str: 10    XL:     4   Next: 45%
Magic:  7/7        EV:  9    Int: 14    God:
Gold:   94         SH:  6    Dex: 13    Spells: 0 memorised, 3 levels left

rFire  . . .     SeeInvis .     a - +1 short sword
rCold  . . .     Clarity  .     i - +0 shield
rNeg   . . .     SustAt   .     (helmet restricted)
rPois  .         Gourm    .     (no amulet)
rElec  .         Spirit   .     (no ring)
rCorr  .         Warding  .     (no ring)
rMut   .         Stasis   .     (no ring)
MR     .....                    (no ring)
Stlth  ++++......               (no ring)
                                (no ring)
                                (no ring)
                                (no ring)

@: very slightly contaminated, drained, not resistant to hostile enchantments,
stealthy
A: almost no armour, amphibious, 8 rings, constrict 8, camouflage 1, gelatinous
body 1
a: no special abilities


You were on level 4 of the Dungeon.
You were very hungry.

You visited 1 branch of the dungeon, and saw 4 of its levels.

You collected 94 gold pieces.

Inventory:

Hand Weapons
 a - a +1 short sword (weapon)
Armour
 i - a +0 shield (worn)
Wands
 b - a wand of flame (14)
 c - a wand of enslavement (15)
 d - a wand of random effects (15)
Scrolls
 j - 6 scrolls of remove curse
 m - a scroll of blinking
 s - a scroll of teleportation
Potions
 f - 2 potions of lignification
 g - a potion of haste {unknown}
 h - a potion of heal wounds {unknown}
 n - a potion of mutation {unknown}
 q - a potion of curing {unknown}
 r - a potion of flight {unknown}
 t - a potion of degeneration {unknown}
Comestibles
 e - 2 bread rations
 l - 6 fruits
 o - 2 slices of pizza


   Skills:
 - Level 1.0(0.4) Fighting
 - Level 1.0(0.4) Short Blades
 - Level 2.0(1.4) Dodging
 * Level 4.3(3.7) Stealth
 * Level 4.5(3.9) Evocations


You had 3 spell levels left.
You didn't know any spells.

Dungeon Overview and Level Annotations

Branches:
Dungeon (4/15)
 Temple: D:4-7

Altars:
Ashenzari
Gozag
Qazlal
Ru

Annotations:
D:4 Edmund


Innate Abilities, Weirdness & Mutations

You cannot wear most types of armour.
You are amphibious.
You can wear up to eight rings at the same time.
You can use your tentacles to constrict eight enemies at once.
Your skin changes colour to match your surroundings (Stealth).
Your rubbery body absorbs attacks (AC +1).


Message History

Edmund is lightly wounded.
You constrict Edmund. You block Edmund's attack.
You hit Edmund but do no damage.
Edmund is lightly wounded.
You constrict Edmund.
Edmund hits you with a dire flail of draining.
You feel drained.
Press: ? - help, v - describe, . - travel
Here: Edmund, wielding a dire flail of draining and wearing a glowing chain mail (lightly wounded, constricted by you)
The floor.
Unknown command.
Evoke which item? (* to show all) (? for menu, Esc to quit)
Zapping:
d - a wand of random effects (15)
Press: ? - help, Shift-Dir - straight line, f - Edmund
Aim: Edmund, wielding a dire flail of draining and wearing a glowing chain mail (lightly wounded, constricted by you)
The fireball explodes!
The fireball engulfs Edmund.
Edmund appears unharmed.
Edmund is lightly wounded.
The fireball engulfs you!
Ouch! That really hurt!
You die...

. ##. ..# #.# #♣##
#.# #...###.#
♣@@.#.#############
#...#...............#
#♣########..........#
#.>.....<..#
#..........#
############


You could see Edmund.

Vanquished Creatures
  Terence (D:3)
  An ooze (D:2)
  2 giant geckos
  6 giant cockroaches
  5 goblins
  5 hobgoblins
  6 jackals (D:1)
  A ball python (D:1)
  5 bats
  4 giant newts
  8 kobolds
  A quokka (D:3)
  9 rats
54 creatures vanquished.

Notes
Turn   | Place    | Note
--------------------------------------------------------------
     0 | D:1      | M4edhros the Octopode Artificer began the quest for the Orb.
     0 | D:1      | Reached XP level 1. HP: 13/13 MP: 3/3
   111 | D:1      | Reached XP level 2. HP: 9/18 MP: 4/4
   570 | D:1      | Reached XP level 3. HP: 10/23 MP: 5/5
   826 | D:1      | Reached skill level 4 in Evocations
  1332 | D:2      | Found a stormy altar of Qazlal.
  1397 | D:2      | Found a sacrificial altar of Ru.
  1498 | D:2      | Found a shattered altar of Ashenzari.
  2204 | D:3      | Noticed Terence
  2213 | D:3      | Killed Terence
  2213 | D:3      | Reached XP level 4. HP: 2/28 MP: 7/7
  2532 | D:3      | Found an opulent altar of Gozag.
  2682 | D:4      | Noticed Edmund
  2692 | D:4      | Killed themself with a badly aimed fireball

Action                   |  1- 3 |  4- 6 || total
-------------------------+-------+-------++-------
Melee: Short sword       |    91 |    13 ||   104
Evoke: Wand              |       |     1 ||     1
  Use: Scroll            |       |     5 ||     5
 Stab: Sleeping          |    23 |     1 ||    24
  Eat: Bread ration      |     1 |       ||     1
